 Dungeon Crawl Stone Soup version 0.25-a0-860-gf695395b5c (console) character file.

Game seed: 3802276365399930665, levelgen mode: classic

28 Duffy the Firebug (level 3, 24/24 HPs)
             Began as a Demonspawn Fire Elementalist on Apr 27, 2020.
             Quit the game on level 2 of the Dungeon.
             The game lasted 00:01:56 (1432 turns).

Duffy the Firebug (Demonspawn Fire Elementalist)    Turns: 1432, Time: 00:01:57

Health: 24/24      AC:  2    Str:  8    XL:     3   Next: 0%
Magic:  1/6        EV: 12    Int: 17    God:
Gold:   58         SH:  0    Dex: 13    Spells: 5/6 levels left

rFire    . . .     SeeInvis .   c - 5 rations
rCold    . . .     Gourm    .   (no shield)
rNeg     . . .     Faith    .   a - +0 robe
rPois    .         Spirit   .   (no helmet)
rElec    .         Reflect  .   (no cloak)
rCorr    .         Harm     .   (no gloves)
MR       .....                  (no boots)
Stlth    ++........             (no amulet)
HPRegen  2.08/turn              (no ring)
MPRegen  0.10/turn              (no ring)

@: no status effects
A: powered by death 1, rot immunity
a: no special abilities


You were on level 2 of the Dungeon.
You were not hungry.

You visited 1 branch of the dungeon, and saw 2 of its levels.

You collected 58 gold pieces.

Inventory:

Hand Weapons
 d - a +0 short sword
Armour
 a - a +0 robe (worn)
 h - a +0 buckler
Scrolls
 e - a scroll of identify {unknown}
 g - 3 scrolls of fog {unknown}
Potions
 f - a potion of curing {unknown}
Comestibles
 c - 5 rations (in hand)


   Skills:
 - Level 1.7 Dodging
 - Level 1.7 Stealth
 + Level 2.3 Spellcasting
 - Level 2.6 Conjurations
 - Level 2.6 Fire Magic


You had 5 spell levels left.
You knew the following spells:

 Your Spells              Type           Power        Failure   Level  Hunger
h - Foxfire               Conj/Fire      ##..         6%          1    #......

Your spell library contained the following spells:

 Spells                   Type           Power        Failure   Level  Hunger
 Conjure Flame            Conj/Fire      ##......     19%         3    ###....
 Inner Flame              Hex/Fire       #.......     32%         3    ###....
 Sticky Flame             Conj/Fire      ##......     54%         4    #####..
 Fireball                 Conj/Fire      ##........   87%         5    ######.


Dungeon Overview and Level Annotations

Branches:
Dungeon (2/15)

Altars:
Kikubaaqudgha
Zin

Annotations:
D:1 exclusions: jackal and 1 more exclusion


Innate Abilities, Weirdness & Mutations

You regenerate a little health from kills.
You are immune to rotting.


Message History

Unknown command.
Cast which spell? (? or * to list)
You conjure some foxfire!
The foxfire hits the hobgoblin.
The hobgoblin is almost dead.
A bat comes into view.
The foxfire hits the hobgoblin.
You kill the hobgoblin!
A jackal comes into view.
Your foxfire dissipates!
Unknown command.
The foxfire hits the bat.
The bat is heavily wounded.
The foxfire hits the bat.
You kill the bat!
You have reached level 3!
Your experience leads to an increase in your attributes!
Increase (S)trength, (I)ntelligence, or (D)exterity?
You feel clever.
Your demonic ancestry asserts itself...
You feel immune to rotting.
Are you sure you want to abandon this character and quit the game? (Confirm with "yes".)

############
#..........#
#..........#
#..........#
#).........#
######..........#
#...............#
#........@......###
#.....<.##.........
#..................
#.......+..........
#.......#._..}.._..
#.......#..........
####......h0.......
###.#%..........
#...>.........


You could see a jackal (wandering).

Vanquished Creatures
  A dart slug (D:2)
  5 goblins
  5 hobgoblins
  3 kobolds (D:1)
  A ball python (D:1)
  6 bats
  2 frilled lizards (D:1)
  3 rats
26 creatures vanquished.

Vanquished Creatures (others)
  74 foxfires
74 creatures vanquished.

Grand Total: 100 creatures vanquished

Notes
Turn   | Place    | Note
-------+----------+-------------------------------------------
     0 | D:1      | Duffy the Demonspawn Fire Elementalist began the quest for
                  | the Orb.
     0 | D:1      | Reached XP level 1. HP: 13/13 MP: 3/3
   347 | D:1      | Gained mutation: You regenerate a little health from kills.
                  | [demonic ancestry]
   347 | D:1      | Reached XP level 2. HP: 19/19 MP: 1/5
  1363 | D:2      | Found an ancient bone altar of Kikubaaqudgha.
  1423 | D:2      | Found a glowing silver altar of Zin.
  1430 | D:2      | Gained mutation: You are immune to rotting. [demonic
                  | ancestry]
  1430 | D:2      | Reached XP level 3. HP: 24/24 MP: 1/6
  1432 | D:2      | Quit the game

Levels and vault maps discovered:
D:1:      eino_arrival_water_cross, layout_loops_cross
D:2:      layout_basic, kennysheep_slug_shrine, grunt_temple_overflow_open,
          elyvilon_altar_4

Skill      XL: |  1 |
---------------+----+-----
Conjurations   | 2 |  2.6
Dodging        | |  1.7
Stealth        | |  1.7
Spellcasting   | |  2.3
Fire Magic     | |  2.6

Action                   || total
-------------------------++-------
 Cast: Foxfire           ||    62
  Eat: Chunk             ||     3
Armor: Robe              ||     5
Dodge: Dodged            ||    12

Table legend:
 A = Non-vault XP
 B = Vault XP
 C = Vault XP percentage of total XP
 D = Non-vault monster count
 E = Vault monster count
 F = Vault count percentage of total count
                 A         B        C        D         E       F
            +---------+---------+-------+---------+---------+-------
      Total |      41 |       0 |   0.0 |      26 |       0 |   0.0
            +---------+---------+-------+---------+---------+-------
        D:1 |      31 |       0 |   0.0 |      21 |       0 |   0.0
        D:2 |      10 |       0 |   0.0 |       5 |       0 |   0.0
            +---------+---------+-------+---------+---------+-------
